Map: 瑟拉斯遺跡

Players

Fist

  • Race: Zerg Zerg
  • League: Diamond

Sen - Winner!

  • Race: Zerg Zerg
  • League: Master

Event: 2016 WCS Winter Challenger Taiwan

VOD

Have the link to the VOD?

Description

Time

  • Played on: Jan. 14, 2016, 7:23 a.m.
  • Length: 4:18

All games in this series

Show
View Real Time Build Order
Export as new Build Order

Fist Zerg 

Build Orders: Pool Only 

Get SALT Encoding   

  12  0:01  Drone  
  13  0:11  Drone  
  14  0:18  Extractor  
  13  0:29  Spawning Pool  
  13  0:33  Drone  
  13  0:36  Drone  
  14  0:47  Overlord  
  14  1:16  Zergling x6  
  14  1:18  Metabolic Boost  
  17  1:27  Queen  
  17  1:32  Zergling x2  
  20  1:38  Zergling x2  
  21  1:49  Zergling x2  
  22  1:55  Baneling Nest  
  22  2:00  Zergling x2  
  22  2:13  Overlord  
  22  2:38  Zergling x8  
  26  2:48  Zergling x2  
  26  2:49  Zergling x2  
  28  2:56  Baneling x3  
  28  3:03  Zergling x2  
  29  3:14  Baneling x4  
  28  3:25  Overlord  
  25  3:48  Drone x3  
Show
View Real Time Build Order
Export as new Build Order

Sen Zerg - Winner!

Build Orders: Pool First 

Get SALT Encoding   

  12  0:00  Drone  
  13  0:09  Drone  
  14  0:17  Overlord  
  14  0:27  Drone, Extractor  
  15  0:36  Drone x2  
  17  0:44  Drone  
  18  0:50  Spawning Pool  
  18  0:55  Drone  
  18  0:57  Extractor  
  17  1:05  Drone  
  18  1:18  Hatchery  
  18  1:21  Drone  
  18  1:30  Drone  
  19  1:36  Queen  
  19  1:39  Zergling x2  
  22  1:48  Overlord  
  22  1:59  Metabolic Boost  
  22  2:11  Zergling x2  
  22  2:12  Queen  
  25  2:16  Zergling x2  
  25  2:20  Baneling Nest  
  25  2:32  Zergling x6  
  28  2:46  Zergling x10  
  33  3:03  Baneling x3  
  32  3:10  Zergling x2  
  32  3:11  Zergling x4  
  28  3:21  Zergling x2  
  29  3:27  Zergling x2  
  29  3:28  Zergling x12  
  36  3:37  Baneling  
  36  3:39  Baneling x2  
  35  3:43  Zergling x2  
  34  3:57  Overlord  
  34  3:58  Drone  
  34  3:59  Drone  
Tags
 
Add a new tag
Caveats
  • Supply blocks, unpowered buildings, or Contaminate may cause inaccurate times.
  • Supply counts are checked every 10 seconds.